 Dungeon Crawl Stone Soup version 0.29-a0-393-g47a863cc1b (webtiles) character file.

Game seed: 3781382681146815642

49 HendSelp the Ruffian (level 3, -3/28 HPs)
             Began as a Draconian Transmuter on May 10, 2022.
             Slain by Terence
             ... wielding a +0 hand axe of pain
              (5 damage)
             ... on level 2 of the Dungeon.
             The game lasted 00:01:45 (1708 turns).

HendSelp the Ruffian (Draconian Transmuter)         Turns: 1708, Time: 00:01:45

Health: -3/28      AC:  6    Str: 14    XL:     3   Next: 51%
Magic:  5/6        EV:  9    Int: 13    God:
Gold:   100        SH:  0    Dex: 11    Spells: 5/6 levels left

rFire   . . .      SeeInvis .     - Unarmed
rCold   . . .      Faith    .   (no shield)
rNeg    . . .      Spirit   .   (body armour unavailable)
rPois   .          Reflect  .   (helmet currently unavailable)
rElec   .          Harm     .   (no cloak)
rCorr   .          Rampage  .   a - +0 pair of gloves
Will    .....                   (boots currently unavailable)
Stlth   +.........              (no amulet)
HPRegen 0.09/turn               (no ring)
MPRegen 0.10/turn               (no ring)

@: appendages (expiring), constricted
A: horns 2, talons 2, AC +5, unfitting armour, cold-blooded
a: End Transformation


You were on level 2 of the Dungeon.
You had temporarily grown beastly horns and talons.
You visited 1 branch of the dungeon, and saw 2 of its levels.

You collected 100 gold pieces.

Inventory:

Armour
 a - a +0 pair of gloves (worn)
Scrolls
 f - a scroll of amnesia {unknown}
Potions
 b - 2 potions of flight
 c - a potion of brilliance {unknown}
 d - a potion of heal wounds {unknown}
 e - a potion of curing {unknown}
 g - a potion of haste {unknown}


   Skills:
 + Level 1.1 Fighting
 - Level 1.7 Dodging
 + Level 4.3 Unarmed Combat
 + Level 2.2 Spellcasting
 + Level 2.0 Transmutations


You had 5 spell levels left.
You knew the following spells:

 Your Spells              Type           Power      Damage    Failure   Level
a - Beastly Appendage     Tmut           12%        N/A       11%         1

Your spell library contained the following spells:

 Spells                   Type           Power      Damage    Failure   Level
 Wereblood                Tmut           6%         N/A       16%         2
 Spider Form              Tmut/Pois      4%         N/A       43%         3
 Ice Form                 Ice/Tmut       4%         N/A       85%         4


Dungeon Overview and Level Annotations

Branches:
Dungeon (2/15)

Altars:
Xom

Shops:
D:1 [

Annotations:
D:2 Terence


Innate Abilities, Weirdness & Mutations

You have temporarily grown beastly horns and talons.
Your plain brown scales are hard. (AC +5)
You cannot fit into any form of body armour.
You are cold-blooded and may be slowed by cold attacks.


Message History

You barely miss the ball python.
Terence hits you with a +0 hand axe of pain.
The ball python bites you but does no damage.
The ball python constricts you.
Unknown command.
You barely miss the ball python.
Your tail-slap misses the ball python.
Terence hits you with a +0 hand axe of pain.
You writhe in agony.
The ball python barely misses you. The ball python constricts you.
You grow a pair of large bovine horns.
Your feet morph into talons.
Terence hits you with a +0 hand axe of pain.
The ball python barely misses you. The ball python constricts you.
You hit Terence but do no damage. You claw Terence, but do no damage.
Your headbutt misses Terence.
Terence is lightly wounded.
The ball python bites you but does no damage.
The ball python constricts you.
Terence hits you with a +0 hand axe of pain.
* * * LOW HITPOINT WARNING * * *
Unknown command.
Unknown command.
You completely miss Terence. You claw Terence, but do no damage.
Terence is lightly wounded.
Your transformation is almost over.
The ball python bites you but does no damage.
The ball python constricts you.
* * * LOW HITPOINT WARNING * * *
Terence hits you with a +0 hand axe of pain.
* * * LOW HITPOINT WARNING * * *
You writhe in agony.
* * * LOW HITPOINT WARNING * * *
Unknown command.
Unknown command.
Unknown command.
Unknown command.
You hit Terence but do no damage. You punch Terence, but do no damage.
Terence is lightly wounded.
The ball python closely misses you. The ball python constricts you.
Terence hits you with a +0 hand axe of pain.
You die...

###.#............ #
#.......##.#### #
#####.#####.# #
...##.# #.# # ....#.#
#.# # ....... #.# #
...>...####.# #
......S..##.######## #
......@@...........# #
......[..#########.###
# .......#.# #.#.###
#..#...#.# #...... #.
#####.# #...... . #.#
#....## #.# ....(.###
#.# #.##...# .. .....#


You could see Terence and a ball python.

Vanquished Creatures
  An adder (D:2)
  3 dart slugs (D:1)
  3 ball pythons (D:1)
  6 endoplasms
  3 goblins
  3 hobgoblins (D:1)
  3 quokkas
  5 bats
  A frilled lizard (D:2)
  A kobold (D:1)
  2 rats (D:1)
31 creatures vanquished.

Vanquished Creatures (others)
  2 plants (D:1)
2 creatures vanquished.

Grand Total: 33 creatures vanquished

Notes
Turn   | Place    | Note
-------+----------+-------------------------------------------
     0 | D:1      | HendSelp the Draconian Transmuter began the quest for the
                  | Orb.
     0 | D:1      | Reached XP level 1. HP: 16/16 MP: 3/3
   115 | D:1      | Reached XP level 2. HP: 5/23 MP: 5/5
   957 | D:1      | Reached skill level 4 in Unarmed Combat
  1154 | D:1      | Reached XP level 3. HP: 26/28 MP: 6/6
  1200 | D:1      | Found Vosi's Armour Shop.
  1617 | D:2      | Found a shimmering altar of Xom.
  1692 | D:2      | Noticed Terence
  1708 | D:2      | Slain by Terence

Illustrated notes

Levels and vault maps discovered:
D:1:      dpeg_chamrin_arrival_tetris, layout_basic, serial_shops, shop,
          chequers_big_river, minivault_26, kennysheep_another_room,
          minmay_tetromino_t2
D:2:      layout_loops_ring, basic_altar, st_stairs_13, uniq_robin, uniq_terence

Skill      XL: |  1  2 |
---------------+-------+-----
Unarmed Combat | 4 |  4.3
Fighting       | |  1.1
Dodging        | |  1.7
Spellcasting   | |  2.2
Transmutations | |  2.0

Action                   || total
-------------------------++-------
Melee: Unarmed           ||   110
       Tailslap          ||    11
       Punch             ||     3
       Kick              ||     2
 Cast: Beastly Appendage ||     1
  Use: Potion            ||     1
       Scroll            ||     3
Armor: Skin              ||    50
Dodge: Dodged            ||    84

Table legend: (Time is in decaauts)
 A = Elapsed time spent in this place.
 B = Non-inter-level travel time spent in this place.
 C = Inter-level travel time spent in this place.
 D = Time resting spent in this place.
 E = Time spent auto-exploring this place.
 F = Levels seen in this place.
 G = Mean time per level.
                   A        B        C        D        E       F      G
               +--------+--------+--------+--------+--------+-----+--------+
         Total |   1709 |   1682 |     27 |    363 |   1043 |   2 |  854.5 |
       Dungeon |   1709 |   1682 |     27 |    363 |   1043 |   2 |  854.5 |
               +--------+--------+--------+--------+--------+-----+--------+

Top non-repeatable levels by time:
     D:1: 1401 daAuts
     D:2: 308 daAuts
